 Dungeon Crawl Stone Soup version 0.30-a0-715-gdb4ae3ece1 (webtiles) character file.

Game seed: 10475520108881775382

3014 Hubris850 the Cleaver (level 9, -2/75 HPs)
             Began as an Armataur Fighter on Jan 24, 2023.
             Was a High Priest of Cheibriados.
             Slain by a centaur warrior (9 damage)
             ... on level 8 of the Dungeon.
             The game lasted 00:15:07 (6379 turns).

Hubris850 the Cleaver (Armataur Fighter)            Turns: 6379, Time: 00:15:08

Health: -2/75      AC: 10    Str: 33    XL:     9   Next: 55%
Magic:  9/9        EV:  8    Int: 22    God:    Cheibriados [*****.]
Gold:   430        SH: 10    Dex: 31    Spells: 5/8 levels left

rFire   . . .      SeeInvis .    K - +2 war axe (freeze)
rCold   + . .      Faith    .    c - +3 buckler
rNeg    . . .      Spirit   .    I - +3 leather armour {rC+}
rPois   .          Reflect  .    G - +0 helmet
rElec   .          Harm     +    g - scarf {harm}
rCorr   .          Roll     +    m - +0 pair of gloves
Will    .....                    (no barding)
Stlth   ++                       s - amulet of magic regeneration
HPRegen 0.32/turn                C - +6 ring of dexterity
MPRegen 0.51/turn                (no ring)

@: studying Short Blades, very slow
A: large, rugged brown scales 3, deformed body, armoured tail, roll, long
tongue, awkward tongue
a: Renounce Religion, Bend Time, Temporal Distortion, Slouch, Step From Time


You were on level 8 of the Dungeon.
You worshipped Cheibriados.
Cheibriados was extremely pleased with you.
You visited 1 branch of the dungeon, and saw 8 of its levels.

You collected 493 gold pieces.
You spent 63 gold pieces at shops.

Inventory:

Hand Weapons
 a - a +0 war axe
 u - a +1 whip of electrocution
 K - a +2 war axe of freezing (weapon)
 P - a +1 shortbow of flaming
Missiles
 e - 3 javelins
 q - 2 throwing nets
 y - 12 poisoned darts (quivered)
Armour
 b - a +0 scale mail
 c - a +3 buckler (worn)
 g - a scarf of harm (worn)
 m - a +0 pair of gloves (worn)
 F - a +0 chain mail
 G - a +0 helmet (worn)
 I - a +3 leather armour of cold resistance (worn)
Jewellery
 s - an amulet of magic regeneration (around neck)
 C - a +6 ring of dexterity (left hand)
 D - an amulet of guardian spirit
 H - an amulet of the acrobat
Wands
 t - a wand of digging (4)
 z - a wand of iceblast (7)
 L - a wand of mindburst (16)
Scrolls
 d - 2 scrolls of magic mapping {unknown}
 h - a scroll of noise {unknown}
 i - 2 scrolls of blinking
 j - a scroll of vulnerability {unknown}
 v - a scroll of acquirement {unknown}
 w - 2 scrolls of enchant weapon
 x - 3 scrolls of teleportation
 B - 2 scrolls of immolation {unknown}
 E - a scroll of poison {unknown}
 M - a scroll of enchant armour
 N - a scroll of summoning {unknown}
 Q - a scroll of fear {unknown}
Potions
 f - 4 potions of attraction
 k - a potion of flight {unknown}
 l - 3 potions of curing
 n - 2 potions of lignification {unknown}
 o - 2 potions of haste {unknown}
 p - a potion of mutation {unknown}
 r - 2 potions of might
 A - 7 potions of heal wounds
 J - a potion of cancellation {unknown}
 O - a potion of ambrosia {unknown}


   Skills:
 - Level 4.0 Fighting
 + Level 8.3 Axes
 - Level 6.0 Throwing
 - Level 6.0 Armour
 - Level 5.0 Shields
 + Level 0.3 Spellcasting
 + Level 0.5 Translocations
 + Level 0.4 Air Magic


You had 5 spell levels left.
You knew the following spells:

 Your Spells              Type           Power      Damage    Failure   Level
a - Vhi's Electric Charg  Tloc/Air       4%         N/A       47%         3

Your spell library contained the following spells:

 Spells                   Type           Power      Damage    Failure   Level
 Sublimation of Blood     Necr           0%         N/A       32%         2
 Wereblood                Tmut           0%         N/A       32%         2
 Frozen Ramparts          Ice            0%         1d1       54%         3
 Ozocubu's Armour         Ice            0%         N/A       54%         3
 Ice Form                 Ice/Tmut       0%         N/A       91%         4
 Summon Ice Beast         Ice/Summ       0%         N/A       91%         4
 Arcjolt                  Conj/Air       0%         1d10      99%         5
 Yara's Violent Unravell  Hex/Tmut       0%         3d3       99%         5
 Enfeeble                 Hex            0%         N/A       100%        7
 Ozocubu's Refrigeration  Ice            0%         4d7       100%        7
 Summon Hydra             Summ           0%         N/A       100%        7
 Maxwell's Capacitive Co  Air            1%         ∞         100%        8


Dungeon Overview and Level Annotations

Branches:
Dungeon (7/15)             Temple (0/1) D:5

Altars:
Ashenzari
Cheibriados
Elyvilon
Wu Jian
Xom

Shops:
D:4 [


Innate Abilities, Weirdness & Mutations

You are completely covered in rugged brown scales. (AC +3, +7% HP)
Armour fits poorly on your strangely shaped body.
You have a long armoured tail.
You roll when moving toward enemies. (Rampage)
Your long tongue fully drains potion bottles. (2x potion effects)
Your tongue gives you trouble enunciating. (1.5x scroll delay)


Message History

The black bear barely misses you. The black bear claws you.
You block the black bear's attack. You block the cyclops's attack.
The centaur warrior shoots an arrow.
The arrow hits you!
You slash the cyclops! You freeze the cyclops.
The cyclops is moderately wounded.
You slash the black bear! You freeze the black bear.
An orc comes into view. It is wielding a +0 mace.
The black bear bites you but does no damage.
The black bear barely misses you. You block the black bear's attack.
The cyclops hits you!!
Unknown command.
You hit the cyclops but do no damage.
The cyclops is moderately wounded.
You hit the centaur warrior. You freeze the centaur warrior.
You hit the black bear. You freeze the black bear.
The centaur warrior unwields a +0 shortbow.
The centaur warrior hits you.
* * * LOW HITPOINT WARNING * * *
You block the centaur warrior's attack. You block the black bear's attack.
The black bear claws you but does no damage.
You block the black bear's attack. The centaur warrior hits you!
* * * LOW HITPOINT WARNING * * *
The centaur warrior kicks you but does no damage.
Unknown command.
You completely miss the cyclops. You tail-slap the cyclops!
The cyclops is moderately wounded.
You hit the black bear. You freeze the black bear.
You kill the black bear!
Cheibriados thoroughly appreciates the change of pace.
You slash the centaur warrior! You freeze the centaur warrior.
You block the centaur warrior's attack.
The centaur warrior kicks you but does no damage.
You block the cyclops's attack.
Unknown command.
You slice the cyclops!! You freeze the cyclops!
You kill the cyclops!
Cheibriados appreciates the change of pace.
You hit the centaur warrior. You freeze the centaur warrior.
The centaur warrior hits you!
You die...

#. ..... #. ..... #.
....###### #.
.......=#.# #.
#......#.# #.
..##.o....#.#####+#####.
.......(..#.##.........#
....#c@..#.##.........#
#...........##.......#.#
#......##...#####....#.#
#......##...# ###..#.#.#
#=..........###.'..#.#.#
######....#..##.#..#.#.#
.............#..#.#.#
......#.###.##..#.#.#
........ #..##....# .


You could see a centaur warrior and an orc.

Vanquished Creatures
  A cyclops (D:8)
  A shadow (D:6)
  A steam dragon (D:7)
  Edmund (D:5)
  Menkaure (D:4)
  Duvessa (D:5)
  An orc warrior (D:6)
  A black bear (shapeshifter) (D:8)
  A black bear (D:5)
  An ogre (D:5)
  3 centaurs
  2 phantoms
  Blork the orc (D:5)
  A bullfrog (D:7)
  2 necrophages
  3 scorpions
  6 wights (D:7)
  Dowan (D:5)
  2 electric eels (D:6)
  A howler monkey (D:7)
  4 hounds
  3 jellies
  4 orc priests
  2 iguanas (D:5)
  4 orc wizards
  Terence (D:3)
  3 gnolls (D:3)
  6 adders
  3 shadow imps
  2 ufetubi (D:6)
  A worm (D:4)
  3 dart slugs
  17 orcs
  6 ball pythons
  11 bats
  7 endoplasms
  2 giant cockroaches
  6 goblins
  12 hobgoblins
  14 jackals
  5 quokkas
  2 frilled lizards
  5 kobolds
  4 rats
159 creatures vanquished.

Vanquished Creatures (others)
  10 plants (D:6)
10 creatures vanquished.

Grand Total: 169 creatures vanquished

Notes
Turn   | Place    | Note
-------+----------+-------------------------------------------
     0 | D:1      | Hubris850 the Armataur Fighter began the quest for the Orb.
     0 | D:1      | Reached XP level 1. HP: 19/19 MP: 1/1
    57 | D:1      | Reached XP level 2. HP: 16/26 MP: 2/2
   202 | D:1      | Reached skill level 2 in Axes
   244 | D:1      | Reached XP level 3. HP: 28/33 MP: 3/3
   345 | D:1      | Found a faded altar of an unknown god.
   357 | D:1      | Prayed at the altar of an unknown god.
   357 | D:1      | Became a worshipper of Cheibriados the Contemplative
   357 | D:1      | Reached * piety under Cheibriados
   736 | D:2      | Reached ** piety under Cheibriados
   881 | D:2      | Reached XP level 4. HP: 40/40 MP: 4/4
  1994 | D:3      | Noticed Terence
  2002 | D:3      | Killed Terence
  2003 | D:3      | Reached XP level 5. HP: 44/48 MP: 5/5
  2021 | D:3      | Found a broken altar of Ashenzari.
  2051 | D:3      | Found a snail-covered altar of Cheibriados.
  2182 | D:4      | Reached *** piety under Cheibriados
  2270 | D:4      | Found a shimmering altar of Xom.
  2302 | D:4      | Found a white marble altar of Elyvilon.
  2341 | D:4      | Noticed a centaur
  2341 | D:4      | Noticed a centaur
  2349 | D:4      | Reached skill level 5 in Armour
  2349 | D:4      | Killed a centaur
  2350 | D:4      | Reached skill level 3 in Axes
  2350 | D:4      | Reached XP level 6. HP: 23/55 MP: 6/6
  2353 | D:4      | Reached skill level 5 in Shields
  2945 | D:4      | Found Feruy's Armour Boutique.
  2994 | D:4      | Noticed Menkaure
  2999 | D:4      | Killed Menkaure
  3000 | D:4      | Reached XP level 7. HP: 63/63 MP: 7/7
  3296 | D:4      | Bought a +0 helmet for 63 gold pieces
  3368 | D:5      | Entered Level 5 of the Dungeon
  3391 | D:5      | Reached skill level 4 in Axes
  3532 | D:5      | Noticed Edmund
  3545 | D:5      | Killed Edmund
  3546 | D:5      | Reached skill level 5 in Axes
  3726 | D:5      | Reached **** piety under Cheibriados
  3777 | D:5      | Reached skill level 1 in Throwing
  3777 | D:5      | Reached XP level 8. HP: 70/70 MP: 8/8
  3818 | D:5      | Noticed Duvessa
  3820 | D:5      | Noticed Blork the orc
  3821 | D:5      | Noticed Dowan
  3824 | D:5      | Killed Duvessa
  3825 | D:5      | Reached skill level 6 in Axes
  3826 | D:5      | Killed Dowan
  3837 | D:5      | Killed Blork the orc
  4140 | D:5      | Found a staircase to the Ecumenical Temple.
  4549 | D:6      | Reached skill level 7 in Axes
  5098 | D:6      | Reached XP level 9. HP: 75/75 MP: 9/9
  5251 | D:6      | Reached ***** piety under Cheibriados
  5254 | D:6      | Reached skill level 5 in Throwing
  5818 | D:7      | Found an ornate altar of the Wu Jian Council.
  6100 | D:7      | Reached skill level 8 in Axes
  6341 | D:7      | You fall into a shaft and drop 1 floor!
  6358 | D:8      | Learned a level 3 spell: Vhi's Electric Charge
  6373 | D:8      | Noticed a cyclops
  6374 | D:8      | Noticed a centaur warrior
  6379 | D:8      | Killed a cyclops
  6379 | D:8      | Slain by a centaur warrior

Illustrated notes

Levels and vault maps discovered:
D:1:      heliophobic_arrival_dark_side_of_the_moon, layout_rooms,
          hellmonk_ecumenical_altar_crossroads
D:2:      layout_basic, feat_on_display
D:3:      layout_loops_ring, mainiacjoe_overflow_two_lobes, uniq_terence
D:4:      layout_loops_ring, xom_teletrap_fun, elyvilon_altar_5, serial_shops,
          nicolae_inconvenience_store, dk_noncrumbling_4, minmay_manual_mares,
          uniq_menkaure
D:5:      layout_rooms, minmay_temple_entry_crystal_x, dreamdust_wishing_well,
          roderic_roman_lattice, st_stairs_10, nicolae_elevator_lobby_asterisk,
          uniq_edmund, uniq_blork_the_orc, uniq_duvessa
D:6:      wad_lake_hut, layout_loops_cross
D:7:      layout_cave_pods, lemuel_doored_altar, corexii_checkpoint_b,
          minmay_misc_feat_roman
D:8:      minmay_cut_squares, layout_basic, serial_co_window_serial,
          co_window_of_opportunity_a, co_window_of_opportunity_a,
          co_window_of_opportunity_a, co_window_paths_a, co_window_paths_a,
          co_window_corner_b, co_window_broadway_c, co_window_corner_cb,
          co_window_corner_cb, co_window_cross_4, glass_columns_a,
          glass_columns_a

Skill      XL: |  1  2  3  4  5  6  7  8  9 |
---------------+----------------------------+-----
Fighting       | 3 4 |  4.0
Armour         | 4 5 6 |  6.0
Axes           | 2 3 5 7 8 |  8.3
Shields        | 4 5 |  5.0
Throwing       | 1 4 6 |  6.0
Spellcasting   | |  0.3
Translocations | |  0.5
Air Magic      | |  0.4

Action                     |  1- 3 |  4- 6 |  7- 9 || total
---------------------------+-------+-------+-------++-------
  Melee: War axe           |   123 |    97 |   166 ||   386
         Tailslap          |     8 |    11 |    20 ||    39
  Throw: Dart              |       |       |     3 ||     3
    Use: Potion            |       |     1 |       ||     1
         Scroll            |       |       |    11 ||    11
   Stab: Distracted        |       |       |     2 ||     2
         Sleeping          |       |       |     1 ||     1
 Armour: Scale mail        |   109 |    79 |       ||   188
         Chain mail        |       |       |    21 ||    21
         Leather armour    |       |       |    51 ||    51
  Dodge: Dodged            |    65 |    40 |    31 ||   136
  Block: Buckler           |    28 |    30 |    77 ||   135

Table legend: (Time is in decaauts)
 A = Elapsed time spent in this place.
 B = Non-inter-level travel time spent in this place.
 C = Inter-level travel time spent in this place.
 D = Time resting spent in this place.
 E = Time spent auto-exploring this place.
 F = Levels seen in this place.
 G = Mean time per level.
                   A        B        C        D        E       F      G
               +--------+--------+--------+--------+--------+-----+--------+
         Total |   9259 |   8630 |    629 |    691 |   6691 |   8 | 1157.4 |
       Dungeon |   9259 |   8630 |    629 |    691 |   6691 |   8 | 1157.4 |
               +--------+--------+--------+--------+--------+-----+--------+

Top non-repeatable levels by time:
     D:4: 1540 daAuts
     D:6: 1519 daAuts
     D:7: 1473 daAuts
     D:5: 1441 daAuts
     D:3: 1360 daAuts
     D:2: 978 daAuts
     D:1: 885 daAuts
     D:8: 59 daAuts
